 Dungeon Sprint DCSS version 0.03.2.1-71-g8aa608150a (webtiles) character file.

Game seed: 17122909402114118681, levelgen mode: deterministic

92 esc the Ducker (level 4, 0/4 HPs) Fairy Earth Elementalist. Began on Feb 13, 2021. Slain by a tyrant leech (1 damage) ... in the Dungeon (Sprint II: "The Violet Keep of Menkaure"). The game lasted 00:00:26 (67 turns).

esc the Ducker (Fairy Earth Elementalist)             Turns: 67, Time: 00:00:27

Health: 0/4        AC:  0    Str:  2    XL:     4 ^: 64
Magic:  3/3        EV: 30    Int: 19    God:
Gold:   243        SH:  0    Dex: 17    Spells: 13/14 levels left

rFire    . . .     Vision   .   (no jewelry)
rCold    . . .     Gourm    .
rNeg     . . .     Faith    .
rPois    .         Spirit   .
rElec    .         Reflect  .
rCorr    .         Harm     .
MR       .....     NoTele   +
Stlth    +.........
HPRegen  0.11/turn
MPRegen  0.13/turn

@: glowing, slow
A: tiny, no armour or weapons, only one jewelry slot, no melee attacks, fairy
magic, fairy shield, fairy light, decreased potion and divine healing, slowness
1, able to fly, insubstantial
a: Fly


You were in the Dungeon.
You were not hungry.

You visited 1 branch You collected 243 gold pieces.

Inventory:

Scrolls
 h - a scroll of blinking
Potions
 c - a potion of curing
 d - a potion of heal wounds
 e - a potion of haste
 f - 2 potions of magic
 g - a potion of berserk rage
Comestibles
 a - 8 chunks of flesh
 b - a ration


   Skills:
 + Level 7.0 Dodging
 - Level 1.4 Stealth
 + Level 5.9 Spellcasting
   Level 1.0 Transmutations
 + Level 5.8 Earth Magic


You had 13 spell levels left.
You knew the following spells:

 Your Spells              Type           Power        Failure   Level  Hunger
a - Sandblast             Erth           27 (50)      1%          1    None

Your spell library contained the following spells:

 Spells                   Type           Power        Failure   Level  Hunger
 Stone Arrow              Erth           27 (50)      3%          3    ##.....
 Passwall                 Tmut/Erth      18 (120)     4%          2    None
 Petrify                  Tmut/Erth      18 (100)     26%         4    ####...
 Lee's Rapid Deconstruct  Erth           27 (200)     28%         5    #####..
 Methodical Deconstructi  Erth           27 (200)     28%         5    #####..


Dungeon Overview and Level Annotations

Branches:
Dungeon (1/1)

Altars:


Innate Abilities, Weirdness & Mutations

You are too small to use any gear.
You can wear a single ring or amulet completely around your body.
You are incapable of melee of any kind.
Your magic reserves are extremely low but spells that normally cost one mana are free and all other spells cost one mana.
You are extremely frail but all attacks that strike you do exactly one damage.
You exude a bright light in a small radius around yourself.
The effect of potions and godly healing effects is reduced to match your tiny health and magic reserves.
You cover ground slowly.
You can fly continuously.
Your insubstantial form boosts your evasion and grants immunity to sticky flames, nets and constriction.


Message History

The tyrant leech is severely wounded. (25/66) HP The tyrant leech bites you (9)!
* * * LOW HITPOINT WARNING * * *
The tyrant leech draws strength from your injuries (7)!
Casting: Sandblast (safe; 1% risk of failure)
Confirm with . or Enter, or press ? or * to list all spells.
Aiming: Sandblast (safe; 1% risk of failure)
Press: ? - help, Shift-Dir - straight line, f/p - tyrant leech
Aim: a tyrant leech (heavily wounded (33/66), haloed)
The blast of sand misses the tyrant leech.
The tyrant leech completely misses you (0).
Casting: Sandblast (safe; 1% risk of failure)
Confirm with . or Enter, or press ? or * to list all spells.
Aiming: Sandblast (safe; 1% risk of failure)
Press: ? - help, Shift-Dir - straight line, f/p - tyrant leech
Aim: a tyrant leech (heavily wounded (33/66), haloed)
The blast of sand hits the tyrant leech (5).
The tyrant leech is heavily wounded. (28/66) HP The tyrant leech bites you (10)!
You die...

### ##.#
#+#
#..###.##
+##.'.<.+
#..###@##
##.# #w#
### .#w
.. .. ##.
.## ## ##


You could see 2 tyrant leeches.

Vanquished Creatures
  4 worker ants (D)
4 creatures vanquished.

Vanquished Creatures (others)
  Menkaure (D)
  A crocodile (D)
2 creatures vanquished.

Grand Total: 6 creatures vanquished

Notes
Turn   | Place    | Note
-------+----------+-------------------------------------------
     0 | D        | esc the Fairy Earth Elementalist began the quest for the
                  | Orb.
     0 | D        | Reached XP level 1. HP: 3/3 MP: 3/3
     1 | D        | Noticed a worker ant
    10 | D        | Killed a worker ant
    10 | D        | Reached skill level 5 in Dodging
    10 | D        | Reached XP level 2. HP: 3/3 MP: 3/3
    15 | D        | Reached skill level 5 in Spellcasting
    15 | D        | Reached skill level 5 in Earth Magic
    15 | D        | Reached XP level 3. HP: 2/4 MP: 3/3
    26 | D        | Killed a crocodile
    34 | D        | Reached skill level 6 in Dodging
    34 | D        | Reached XP level 4. HP: 4/4 MP: 3/3
    39 | D        | Killed Menkaure
    41 | D        | Reached skill level 7 in Dodging
    56 | D        | Noticed a tyrant leech
    56 | D        | Noticed a tyrant leech
    67 | D        | Slain by a tyrant leech

Levels and vault maps discovered:
D:        the_violet_keep_of_menkaure [sprint2_stairs_cluster_1,
          sprint2_shoproom, sprint2_temple, sprint2_basic_supplies,
          sprint2_obstacle_6, sprint2_obstacle_1, sprint2_obstacle_3,
          sprint2_obstacle_5, sprint2_obstacle_2, sprint2_timed_cluster_1,
          sprint2_smallroom_cluster_1, sprint2_smallroom_final_cluster_1,
          sprint2_transparent_cluster_1, sprint2_second_timed_cluster_1,
          sprint2_sniper_area_1, sprint2_heavy_combat_area_1,
          sprint2_mutation_trap_area_1, sprint2_forest_area_1,
          sprint2_light_combat_area_1, sprint2_behind_water_1,
          sprint2_near_end_vault_1]

Skill      XL: |  1  2  3  4 |
---------------+-------------+-----
Dodging        | 5 6 7 |  7.0
Spellcasting   | 4 5 |  5.9
Earth Magic    | 4 5 |  5.8
Stealth        | |  1.4
Transmutations | |  1.0

Action                   |  1- 3 |  4- 6 || total
-------------------------+-------+-------++-------
 Cast: Sandblast         |    17 |    17 ||    34
Dodge: Dodged            |    18 |     6 ||    24
